EVO
VANDERBILT UNIVERSITY COMMODORES @ STANFORD UNIVERSITY CARDINAL
11/25/2049
 
TOP OF THE 1ST
University of South Carolina Gamecocks batting - Pitching for University of Arizona Wildcats : LHP Gilg Martin
Pitching: LHP Gilg Martin
Batting: RHB Mike Chiquete 0-0: Ball
1-0: Reached on error, E3 (Groundball, 34, EV 85.6 MPH)
Batting: RHB Jim Smallwood 0-0: Called Strike
0-1: Ball
Mike Chiquete steals 2nd base
1-1: Ball
2-1: Called Strike
2-2: Foul Ball, location: 2F
2-2: Ground out 6-3 (Groundball, 6M, EV 82.5 MPH)
Mike Chiquete to third
Batting: LHB Jose Mafano 0-0: Ground out 4-3 (Groundball, 4M, EV 82.5 MPH)
Mike Chiquete scores
Batting: RHB Danny Rodriguez 0-0: DOUBLE (Flyball, 8RXD, EV 96.2 MPH)
Batting: RHB Emanuel Estrada 0-0: Called Strike
0-1: Ball
1-1: Swinging Strike
1-2: SINGLE (Line Drive, 4D, EV 97.5 MPH)
Danny Rodriguez to third
Batting: RHB Pablo Henriquez 0-0: Swinging Strike
0-1: Fly out, F7 (Flyball, 78M, EV 94.4 MPH)
Top of the 1st over - 1 run, 2 hits, 1 error, 2 left on base; University of South Carolina 1 - University of Arizona 0
BOTTOM OF THE 1ST
University of Arizona Wildcats batting - Pitching for University of South Carolina Gamecocks : RHP Jose Clemente
Pitching: RHP Jose Clemente
Batting: RHB Ron Dondale 0-0: Called Strike
0-1: Ball
1-1: Called Strike
1-2: Ball
2-2: Strikes out swinging
Batting: RHB Eddy Amaya 0-0: Called Strike
0-1: Ball
1-1: Swinging Strike
1-2: Ground out 5-3 (Groundball, 5S, EV 90.0 MPH)
Batting: RHB C.J. Wells 0-0: Ball
1-0: Ball
2-0: Called Strike
2-1: Swinging Strike
2-2: Foul Ball, location: 2F
2-2: Ball
3-2: Foul Ball, location: 2F
3-2: Foul Ball, location: 2F
3-2: Ground out 6-3 (Groundball, 56, EV 103.8 MPH)
Bottom of the 1st over - 0 runs, 0 hits, 0 errors, 0 left on base; University of South Carolina 1 - University of Arizona 0
TOP OF THE 2ND
University of South Carolina Gamecocks batting - Pitching for University of Arizona Wildcats : LHP Gilg Martin
Batting: LHB Bruce Daley 0-0: Ground out 6-3 (Groundball, 6, EV 99.4 MPH)
Batting: RHB Colin Morris 0-0: Ground out 4-3 (Groundball, 4M, EV 92.5 MPH)
Batting: RHB Christopher Arnett 0-0: Ball
1-0: Foul Ball, location: 2F
1-1: Foul Ball, location: 2F
1-2: Ball
2-2: Strikes out swinging
Top of the 2nd over - 0 runs, 0 hits, 0 errors, 0 left on base; University of South Carolina 1 - University of Arizona 0
BOTTOM OF THE 2ND
University of Arizona Wildcats batting - Pitching for University of South Carolina Gamecocks : RHP Jose Clemente
Batting: LHB Gary Corrales 0-0: Fly out, F6 (Popup, 6, EV 53.1 MPH)
Batting: RHB Teddy Bonaddio 0-0: Ball
1-0: Called Strike
1-1: SOLO HOME RUN (Flyball, 78XD, EV 105.0 MPH), Distance : 392 ft
Batting: LHB Andrew Davis 0-0: Called Strike
0-1: Swinging Strike
0-2: Ball
1-2: Ball
2-2: Ball
3-2: Strikes out swinging
Batting: RHB Alejandro de Jesus 0-0: Ball
1-0: Foul Ball, location: 2F
1-1: Foul Ball, location: 2F
1-2: Ball
2-2: Strikes out swinging
Bottom of the 2nd over - 1 run, 1 hit, 0 errors, 0 left on base; University of South Carolina 1 - University of Arizona 1
TOP OF THE 3RD
University of South Carolina Gamecocks batting - Pitching for University of Arizona Wildcats : LHP Gilg Martin
Batting: RHB Mike Chiquete 0-0: Called Strike
0-1: Bunt for hit to 25 - play at first, batter OUT! 5-3
Batting: RHB Jim Smallwood 0-0: Called Strike
0-1: Called Strike
0-2: Ball
1-2: Foul Ball, location: 2F
1-2: Foul Ball, location: 2F
1-2: Ground out 2-3 (Groundball, 13S, EV 65.0 MPH)
Batting: LHB Jose Mafano 0-0: Ball
1-0: Ball
2-0: SOLO HOME RUN (Flyball, 89XD, EV 101.2 MPH), Distance : 396 ft
Batting: RHB Danny Rodriguez 0-0: Called Strike
0-1: Foul Ball, location: 2F
0-2: Ball
1-2: Ball
2-2: Foul Ball, location: 2F
2-2: Strikes out looking
Top of the 3rd over - 1 run, 1 hit, 0 errors, 0 left on base; University of South Carolina 2 - University of Arizona 1
BOTTOM OF THE 3RD
University of Arizona Wildcats batting - Pitching for University of South Carolina Gamecocks : RHP Jose Clemente
Batting: RHB Larry Harlow 0-0: Called Strike
0-1: Foul Ball, location: 2F
0-2: Foul Ball, location: 2F
0-2: Ball
1-2: Strikes out looking
Batting: RHB Josh Carpenter 0-0: Ball
1-0: SINGLE (Groundball, 6D, EV 95.6 MPH)
Batting: RHB Ron Dondale 0-0: Swinging Strike
0-1: Called Strike
0-2: Strikes out looking
Batting: RHB Eddy Amaya 0-0: Ball
1-0: Foul Ball, location: 2F
1-1: Ball
2-1: Foul Ball, location: 2F
2-2: Ball
3-2: Ground out 5-3 (Groundball, 56, EV 101.9 MPH)
Bottom of the 3rd over - 0 runs, 1 hit, 0 errors, 1 left on base; University of South Carolina 2 - University of Arizona 1
TOP OF THE 4TH
University of South Carolina Gamecocks batting - Pitching for University of Arizona Wildcats : LHP Gilg Martin
Batting: RHB Emanuel Estrada 0-0: Called Strike
0-1: Ball
1-1: Swinging Strike
1-2: Ball
2-2: Ball
3-2: Base on Balls
Batting: RHB Pablo Henriquez 0-0: Ball
Emanuel Estrada steals 2nd base
1-0: SINGLE (Line Drive, 4D, EV 96.2 MPH)
Emanuel Estrada to third
Runner from 3rd tries for Home, SAFE, throw by CF to home
Batting: LHB Bruce Daley 0-0: Called Strike
0-1: Ball
1-1: Foul Ball, location: 2F
1-2: Ball
2-2: Strikes out swinging
Batting: RHB Colin Morris 0-0: Ball
1-0: Called Strike
Pablo Henriquez is caught stealing 2nd base 2-4
1-1: Ball
2-1: DOUBLE (Line Drive, 78M, EV 108.1 MPH)
Batting: RHB Christopher Arnett 0-0: Called Strike
0-1: Ground out 4-3 (Groundball, 4, EV 82.5 MPH)
Top of the 4th over - 1 run, 2 hits, 0 errors, 1 left on base; University of South Carolina 3 - University of Arizona 1
BOTTOM OF THE 4TH
University of Arizona Wildcats batting - Pitching for University of South Carolina Gamecocks : RHP Jose Clemente
Batting: RHB C.J. Wells 0-0: Called Strike
0-1: Ball
1-1: SOLO HOME RUN (Flyball, 89XD, EV 108.1 MPH), Distance : 412 ft
Batting: LHB Gary Corrales 0-0: Ball
1-0: Called Strike
1-1: SINGLE (Groundball, 4MD, EV 107.5 MPH)
Batting: RHB Teddy Bonaddio 0-0: Foul Ball, location: 2F
0-1: Ball
1-1: Ball
2-1: Ball
3-1: Called Strike
3-2: Foul Ball, location: 2F
3-2: Base on Balls
Gary Corrales to second
Batting: LHB Andrew Davis 0-0: Called Strike
0-1: Foul Ball, location: 2F
0-2: Ball
1-2: Ball
2-2: Ball
3-2: Strikes out swinging
Batting: RHB Alejandro de Jesus 0-0: Ball
1-0: Fielders Choice at 2nd, 3-6 (Groundball, 34, EV 87.5 MPH)
Gary Corrales to third
Batting: RHB Larry Harlow 0-0: Foul Ball, location: 2F
0-1: Ball
1-1: Foul Ball, location: 2F
1-2: Ball
2-2: Foul Ball, location: 2F
2-2: Ball
3-2: Ground out 6-3 (Groundball, 6M, EV 103.1 MPH)
Bottom of the 4th over - 1 run, 2 hits, 0 errors, 2 left on base; University of South Carolina 3 - University of Arizona 2
TOP OF THE 5TH
University of South Carolina Gamecocks batting - Pitching for University of Arizona Wildcats : LHP Gilg Martin
Batting: RHB Mike Chiquete 0-0: Ball
1-0: Bunt for hit to 5S - play at first, batter OUT! 5-3
Batting: RHB Jim Smallwood 0-0: Ball
1-0: Called Strike
1-1: Fly out, F9 (Flyball, 9, EV 80.6 MPH)
Batting: LHB Jose Mafano 0-0: SINGLE (Groundball, 56D, EV 106.2 MPH)
Batting: RHB Danny Rodriguez 0-0: Called Strike
0-1: Ball
1-1: Called Strike
1-2: Ball
2-2: Foul Ball, location: 2F
2-2: Fly out, F9 (Flyball, 89M, EV 85.0 MPH)
Top of the 5th over - 0 runs, 1 hit, 0 errors, 1 left on base; University of South Carolina 3 - University of Arizona 2
BOTTOM OF THE 5TH
University of Arizona Wildcats batting - Pitching for University of South Carolina Gamecocks : RHP Jose Clemente
Batting: RHB Josh Carpenter 0-0: Ground out 3-1 (Groundball, 34, EV 108.8 MPH)
Batting: RHB Ron Dondale 0-0: Ball
1-0: Ball
2-0: Foul Ball, location: 2F
2-1: Foul Ball, location: 2F
2-2: Fly out, F8 (Flyball, 8LD, EV 102.5 MPH)
Batting: RHB Eddy Amaya 0-0: Ball
1-0: Ball
2-0: Ball
3-0: Called Strike
3-1: Base on Balls
Pitching: RHP Jose Barrientos
Batting: RHB C.J. Wells 0-0: Called Strike
0-1: Ball
1-1: Ball
2-1: Ball
3-1: Foul Ball, location: 2F
3-2: Base on Balls
Eddy Amaya to second
Batting: LHB Gary Corrales 0-0: Called Strike
0-1: Called Strike
0-2: Foul Ball, location: 2F
0-2: Ball
1-2: Ball
2-2: Ball
3-2: Fly out, F8 (Flyball, 8RD, EV 87.5 MPH)
Bottom of the 5th over - 0 runs, 0 hits, 0 errors, 2 left on base; University of South Carolina 3 - University of Arizona 2
TOP OF THE 6TH
University of South Carolina Gamecocks batting - Pitching for University of Arizona Wildcats : LHP Gilg Martin
Batting: RHB Emanuel Estrada 0-0: Ball
1-0: Foul Ball, location: 2F
1-1: Swinging Strike
1-2: Foul Ball, location: 2F
1-2: SINGLE (Groundball, 56S, EV 70.6 MPH) (infield hit)
Batting: RHB Pablo Henriquez 0-0: Fly out, F8 (Line Drive, 8RM, EV 91.9 MPH)
Batting: LHB Bruce Daley 0-0: DOUBLE (Flyball, 8LD, EV 105.0 MPH)
Emanuel Estrada to third
Runner from 3rd tries for Home, SAFE, no throw by CF
Batting: RHB Colin Morris 0-0: Called Strike
0-1: Ball
1-1: Ground out 5-3 (Groundball, 56S, EV 88.8 MPH)
Pitching: LHP Armando Guzman
Batting: RHB Christopher Arnett 0-0: Ball
1-0: Ball
2-0: Ball
3-0: Called Strike
3-1: Called Strike
3-2: Foul Ball, location: 2F
3-2: Foul Ball, location: 2F
3-2: Fly out, F5 (Line Drive, 6, EV 66.9 MPH)
Top of the 6th over - 1 run, 2 hits, 0 errors, 1 left on base; University of South Carolina 4 - University of Arizona 2
BOTTOM OF THE 6TH
University of Arizona Wildcats batting - Pitching for University of South Carolina Gamecocks : RHP Jose Barrientos
Batting: RHB Teddy Bonaddio 0-0: Ball
1-0: Foul Ball, location: 2F
1-1: Ground out 6-3 (Groundball, 6, EV 81.9 MPH)
Batting: LHB Andrew Davis 0-0: Ball
1-0: Foul Ball, location: 2F
1-1: Swinging Strike
1-2: Foul Ball, location: 2F
1-2: Ball
2-2: Foul Ball, location: 2F
2-2: Strikes out swinging
Batting: RHB Alejandro de Jesus 0-0: Ball
1-0: Ball
2-0: Fly out, F7 (Flyball, 7D, EV 78.1 MPH)
Bottom of the 6th over - 0 runs, 0 hits, 0 errors, 0 left on base; University of South Carolina 4 - University of Arizona 2
TOP OF THE 7TH
University of South Carolina Gamecocks batting - Pitching for University of Arizona Wildcats : LHP Armando Guzman
Batting: RHB Mike Chiquete 0-0: Ball
1-0: Ground out 6-3 (Groundball, 6, EV 96.9 MPH)
Batting: RHB Jim Smallwood 0-0: Ball
1-0: Ball
2-0: Fly out, F7 (Flyball, 78S, EV 85.6 MPH)
Batting: LHB Jose Mafano 0-0: Fly out, F9 (Line Drive, 9, EV 91.2 MPH)
Top of the 7th over - 0 runs, 0 hits, 0 errors, 0 left on base; University of South Carolina 4 - University of Arizona 2
BOTTOM OF THE 7TH
University of Arizona Wildcats batting - Pitching for University of South Carolina Gamecocks : RHP Jose Barrientos
Pitching: RHP Takuzo Sato
Batting: RHB Larry Harlow 0-0: Called Strike
0-1: Ball
1-1: Foul Ball, location: 2F
1-2: Ball
2-2: Strikes out looking
Batting: RHB Josh Carpenter 0-0: Swinging Strike
0-1: Ball
1-1: Ball
2-1: Ball
3-1: Foul Ball, location: 2F
3-2: Strikes out looking
Batting: RHB Ron Dondale 0-0: Foul Ball, location: 2F
0-1: Ball
1-1: Foul Ball, location: 2F
1-2: Ball
2-2: Ground out U3 (Groundball, 34, EV 84.4 MPH)
Bottom of the 7th over - 0 runs, 0 hits, 0 errors, 0 left on base; University of South Carolina 4 - University of Arizona 2
TOP OF THE 8TH
University of South Carolina Gamecocks batting - Pitching for University of Arizona Wildcats : LHP Armando Guzman
Pitching: RHP Chris Obloy
Batting: RHB Danny Rodriguez 0-0: Ball
1-0: Foul Ball, location: 2F
1-1: Ball
2-1: Foul Ball, location: 2F
2-2: Fly out, F7 (Flyball, 7, EV 81.9 MPH)
Batting: RHB Emanuel Estrada 0-0: Ball
1-0: Ball
2-0: SINGLE (Line Drive, 6MD, EV 97.5 MPH)
Batting: RHB Pablo Henriquez 0-0: Ball
1-0: Called Strike
1-1: Fielders Choice at 2nd, 3-6 (Groundball, 3, EV 83.8 MPH)
Batting: LHB Bruce Daley 0-0: Ball
1-0: Foul Ball, location: 2F
1-1: Ball
Pablo Henriquez steals 2nd base
2-1: Ball
3-1: Base on Balls
Batting: RHB Colin Morris 0-0: Ball
1-0: Ball
2-0: SINGLE (Groundball, 15S, EV 63.8 MPH) (infield hit)
Pablo Henriquez to third
Bruce Daley to second
Batting: RHB Christopher Arnett 0-0: Called Strike
0-1: Ball
1-1: Ball
2-1: Ball
3-1: Called Strike
3-2: Ground out 5-3 (Groundball, 56S, EV 85.0 MPH)
Top of the 8th over - 0 runs, 2 hits, 0 errors, 3 left on base; University of South Carolina 4 - University of Arizona 2
BOTTOM OF THE 8TH
University of Arizona Wildcats batting - Pitching for University of South Carolina Gamecocks : RHP Takuzo Sato
Batting: RHB Eddy Amaya 0-0: Foul Ball, location: 2F
0-1: Ball
1-1: Ball
2-1: Swinging Strike
2-2: Ball
3-2: DOUBLE (Line Drive, 9LM, EV 102.5 MPH)
Pinch Hitting: LHB Pascal Noël 0-0: Ball
1-0: Foul Ball, location: 2F
Balk!
Eddy Amaya to third
1-1: Ball
2-1: Foul Ball, location: 2F
2-2: Foul Ball, location: 2F
2-2: Ground out 6-3 (Groundball, 4MS, EV 63.1 MPH)
Eddy Amaya scores
Pinch Hitting: LHB Lihau Keawe 0-0: Ball
1-0: Called Strike
1-1: Foul Ball, location: 2F
1-2: Ball
2-2: Foul Ball, location: 2F
2-2: Foul Ball, location: 2F
2-2: Fly out, F9 (Flyball, 89S, EV 95.0 MPH)
Batting: LHB Jere Paatelainen 0-0: Ball
1-0: Called Strike
1-1: Foul Ball, location: 2F
1-2: Foul Ball, location: 2F
1-2: Ball
2-2: Ball
3-2: Foul Ball, location: 2F
3-2: SINGLE (Flyball, 89D, EV 90.6 MPH)
Pitching: RHP John Martin
Batting: LHB Andrew Davis 0-0: Foul Ball, location: 2F
0-1: Foul Ball, location: 2F
0-2: Ball
1-2: Ball
2-2: Foul Ball, location: 2F
2-2: Ball
3-2: Fly out, F7 (Flyball, 7, EV 95.6 MPH)
Bottom of the 8th over - 1 run, 2 hits, 0 errors, 1 left on base; University of South Carolina 4 - University of Arizona 3
TOP OF THE 9TH
University of South Carolina Gamecocks batting - Pitching for University of Arizona Wildcats : RHP Chris Obloy
Pitching: RHP Jairo Picano
Now in LF: Lihau Keawe
Now in CF: Pascal Noël
Batting: RHB Mike Chiquete 0-0: Ball
1-0: Ball
2-0: Called Strike
2-1: Foul Ball, location: 2F
2-2: Strikes out swinging
Batting: RHB Jim Smallwood 0-0: Ball
1-0: Ball
2-0: Called Strike
2-1: Foul Ball, location: 2F
2-2: Strikes out swinging
Batting: LHB Jose Mafano 0-0: Called Strike
0-1: Ball
1-1: SINGLE (Line Drive, 4D, EV 110.0 MPH)
Batting: RHB Danny Rodriguez 0-0: Called Strike
0-1: SINGLE (Groundball, 34D, EV 107.5 MPH)
Jose Mafano to second
Runner from 2nd tries for 3rd, OUT! 9-5
Top of the 9th over - 0 runs, 2 hits, 0 errors, 1 left on base; University of South Carolina 4 - University of Arizona 3
BOTTOM OF THE 9TH
University of Arizona Wildcats batting - Pitching for University of South Carolina Gamecocks : RHP John Martin
Pinch Hitting: SHB George Grace 0-0: Called Strike
0-1: Called Strike
0-2: Ball
1-2: Strikes out swinging
Batting: RHB Larry Harlow 0-0: Ball
1-0: Fly out, F7 (Flyball, 7S, EV 80.6 MPH)
Batting: RHB Josh Carpenter 0-0: Ball
1-0: Ground out 6-3 (Groundball, 6, EV 84.4 MPH)
Bottom of the 9th over - 0 runs, 0 hits, 0 errors, 0 left on base; University of South Carolina 4 - University of Arizona 3
Sunday, July 16th , 2023 - OOTP Baseball 24.6 Build 69